 Dungeon Crawl Stone Soup version 0.32-a0-699-g1ee5eff69a (webtiles) character file.

Game seed: 330666855030059639

163 sychorax the Sneak (level 5, -4/34 HPs)
             Began as an Octopode Earth Elementalist on Mar 13, 2024.
             Was an Initiate of Gozag.
             Slain by an orc priest
             ... wielding a +0 flail
              (5 damage)
             ... on level 4 of the Dungeon.
             The game lasted 00:04:38 (2512 turns).

sychorax the Sneak (Octopode Earth Elementalist)    Turns: 2512, Time: 00:04:39

Health: -4/34      AC:  1    Str: 11 (14) XL:     5   Next: 44%
Magic:  16/18      EV: 12    Int: 17 (19) God:    Gozag
Gold:   145        SH:  0    Dex:  9 (12) Spells: 1/9 levels left

rFire   . . .        a - +0 short sword
rCold   . . .        (no shield)
rNeg    . . .        (helmet restricted)
rPois   .            (no amulet)
rElec   .            b - +6 ring of strength
rCorr   .            n - ring of magical power
SInv    .            (no ring)
Will    .....        (no ring)
Stlth   +++          (no ring)
HPRegen 0.25/turn    (no ring)
MPRegen 0.16/turn    (no ring)
                     (no ring)

%: no passive effects
@: gold aura
A: almost no armour, amphibious, 8 rings, camouflage 1, gelatinous body 1,
(nimble swimmer 1), tentacles
a: Renounce Religion, Potion Petition, Call Merchant, Bribe Branch


You were on level 4 of the Dungeon.
You worshipped Gozag.
Gozag was aware of your devotion.
You visited 1 branch of the dungeon, and saw 4 of its levels.

You collected 191 gold pieces.
You paid 46 gold pieces to Gozag.

Inventory:

Hand Weapons
 a - a +0 short sword (weapon)
Jewellery
 b - a +6 ring of strength (left tentacle)
 n - a ring of magical power (right tentacle)
Talismans
 o - a beast talisman
Scrolls
 d - a scroll of enchant weapon {unknown}
 e - 2 scrolls of amnesia {unknown}
 i - 5 scrolls of identify {unknown}
 j - a scroll of teleportation {unknown}
 m - a scroll of blinking {unknown}
 q - a scroll of fog {unknown}
Potions
 c - 2 potions of magic
 f - a potion of degeneration
 g - 2 potions of haste {unknown}
 h - a potion of heal wounds {unknown}
 k - a potion of lignification {unknown}
 l - a potion of enlightenment {unknown}
 p - 4 potions of might {unknown}


   Skills:
 + Level 1.7 Fighting
 + Level 2.7 Dodging
 + Level 4.0 Stealth
 + Level 2.7 Spellcasting
 * Level 2.1 Conjurations
 + Level 3.6 Earth Magic


You had one spell level left.
You knew the following spells:

 Your Spells              Type           Power      Damage    Failure   Level
a - Sandblast             Erth           28%        2d8       4%          1
b - Stone Arrow           Conj/Erth      24%        3d8       16%         3
c - Petrify               Alch/Erth      8%         N/A       63%         4

Your spell library contained the following spells:

 Spells                   Type           Power      Damage    Failure   Level
 Sting                    Conj/Alch      24%        1d4       12%         1
 Summon Small Mammal      Summ           8%         N/A       19%         1
 Passwall                 Erth           14%        N/A       12%         3
 Mercury Vapours          Alch/Air       4%         N/A       26%         2
 Call Canine Familiar     Summ           2%         N/A       47%         3
 Brom's Barrelling Bould  Conj/Erth      12%        2d4       47%         4
 Olgreb's Toxic Radiance  Alch           2%         N/A       87%         4
 Summon Blazeheart Golem  Fire/Summ      2%         N/A       87%         4


Dungeon Overview and Level Annotations

Branches:
Dungeon (4/15)
 Temple: D:4-7

Altars:
Fedhas
Gozag
Yredelemnul

Shops:
D:2 ?[(


Innate Abilities, Weirdness & Mutations

You cannot wear most types of armour.
You are amphibious.
You can wear up to eight rings at the same time.
Your skin changes colour to match your surroundings (Stealth+).
Your rubbery body absorbs attacks. (AC +1, EV +1)
((You are camouflaged when in or above water. (Stealth+)))
You have tentacles for arms and can constrict up to eight enemies at once.


Message History

The orc priest shouts!
The orc wizard points at you and mumbles some strange words.
The puff of flame misses you.
You hit the orc wizard but do no damage.
Your grab misses the orc wizard. You barely miss the orc wizard.
Your grab misses the orc wizard. You squeeze the orc wizard!
The orc wizard is heavily wounded.
The orc wizard barely misses you.
The orc priest calls down the wrath of Beogh upon you.
Pain shoots through your body!
You hit the orc wizard but do no damage.
You grab the orc wizard.
The orc wizard is heavily wounded.
You constrict the orc wizard. The orc wizard completely misses you.
The orc barely misses you.
Casting: Sandblast (safe; 3% risk of failure)
Confirm with . or Enter, or press ? or * to list all spells.
Aiming: Sandblast (safe; 3% risk of failure)
Press: ? - help, Shift-Dir - straight line, f - orc priest, p - orc wizard
Aim: an orc priest, wielding a +0 flail and wearing a +0 leather armour (82% to hit)
The blast of sand hits the orc priest.
The orc priest is lightly wounded.
You constrict the orc wizard.
You kill the orc wizard!
The orc priest hits you with a +0 flail!
The orc misses you.
The orc priest hits you with a +0 flail!
* * * LOW HITPOINT WARNING * * *
The orc closely misses you.
Your Stealth skill increases to level 4!
Unknown command.
It was a potion of degeneration.
There was something very wrong with that liquid.
You feel weakened.
You feel dopey.
You feel clumsy. The orc hits you with a +0 hand axe!
* * * LOW HITPOINT WARNING * * *
The orc priest hits you with a +0 flail.
You die...
Your body crumbles into a pile of gold.

#....##............
#..................
#....##...###....#
#....##...###....#
#.....#..........#
#.....#..........#
#.....#..>.......#
#...<.#..........#
#....##$@.###....#
#######.oo# ....#
....... ......
................
..................
...............
...............
....#########+.


You could see an orc priest and an orc.

Vanquished Creatures
  Jessica (D:2)
  An orc wizard (D:4)
  3 gnolls (D:2)
  3 adders
  5 dart slugs
  A bat (D:2)
  5 endoplasms
  4 goblins
  7 ball pythons
  5 frilled lizards
  9 kobolds
  11 rats
55 creatures vanquished.

Notes
Turn   | Place    | Note
-------+----------+-------------------------------------------
     0 | D:1      | sychorax the Octopode Earth Elementalist began the quest
                  | for the Orb.
     0 | D:1      | Reached XP level 1. HP: 11/11 MP: 3/3
   118 | D:1      | Reached XP level 2. HP: 18/18 MP: 0/5
   236 | D:1      | Reached skill level 3 in Stealth
   550 | D:1      | Reached XP level 3. HP: 22/22 MP: 6/6
   554 | D:1      | Learned a level 3 spell: Stone Arrow
   780 | D:1      | Reached skill level 1 in Fighting
  1029 | D:2      | Found Telok's Weapon Shoppe.
  1062 | D:2      | Noticed Jessica
  1069 | D:2      | Killed Jessica
  1070 | D:2      | Reached XP level 4. HP: 28/28 MP: 4/7
  1153 | D:2      | Found a blossoming altar of Fedhas.
  1341 | D:2      | Found Feahode's Magic Scroll Boutique.
  1381 | D:2      | Found Saeziluos's Armour Emporium.
  1900 | D:3      | Reached XP level 5. HP: 33/33 MP: 8/8
  2025 | D:3      | Found an opulent altar of Gozag.
  2025 | D:3      | Found a blossoming altar of Fedhas.
  2025 | D:3      | Found a basalt altar of Yredelemnul.
  2037 | D:3      | Became a worshipper of Gozag Ym Sagoz the Greedy
  2469 | D:3      | Learned a level 4 spell: Petrify
  2512 | D:4      | Reached skill level 4 in Stealth
  2512 | D:4      | HP: 1/34 [orc/+0 hand axe (7)]
  2512 | D:4      | Slain by an orc priest

Illustrated notes

Levels and vault maps discovered:
D:1:      lemuel_arrival_cross, layout_loops_corners, grunt_decor_resistance,
          minmay_hexomino_r4
D:2:      minmay_wonky_spiral, layout_basic, basic_altar, serial_shops,
          nicolae_shop_tiny_real_fake_doors, nicolae_shop_just_a_little_nook,
          shop_statue, uniq_jessica
D:3:      layout_basic, gammafunk_temple_overflow_claw,
          chequers_serial_rivers_micro_d
D:4:      layout_gridville, led_xom_imps, mainiacjoe_overflow_24_doors,
          nicolae_ru_awakened_eye, worldfamousw_hep_ancestral_shrine,
          minmay_temple_entry_from_below_b

Skill      XL: |  1  2  3  4  5 |
---------------+----------------+-----
Stealth        | 3 4 |  4.0
Fighting       | 1 |  1.7
Conjurations   | 2 |  2.1
Dodging        | |  2.7
Spellcasting   | |  2.7
Earth Magic    | |  3.6

Action                     |  1- 3 |  4- 6 || total
---------------------------+-------+-------++-------
  Melee: Constrict         |    10 |     7 ||    17
         Unarmed           |     4 |       ||     4
         War axe           |    36 |    13 ||    49
         Tentacles         |     1 |     4 ||     5
         Short sword       |       |    24 ||    24
   Cast: Sandblast         |    13 |    18 ||    31
    Use: Potion            |       |     1 ||     1
   Stab: Sleeping          |     8 |     5 ||    13
 Armour: Skin              |    17 |    20 ||    37
  Dodge: Dodged            |    26 |    39 ||    65

Table legend: (Time is in decaauts)
 A = Elapsed time spent in this place.
 B = Non-inter-level travel time spent in this place.
 C = Inter-level travel time spent in this place.
 D = Time resting spent in this place.
 E = Time spent auto-exploring this place.
 F = Levels seen in this place.
 G = Mean time per level.
                   A        B        C        D        E       F      G
               +--------+--------+--------+--------+--------+-----+--------+
         Total |   2549 |   2495 |     54 |      0 |   2082 |   4 |  637.2 |
       Dungeon |   2549 |   2495 |     54 |      0 |   2082 |   4 |  637.2 |
               +--------+--------+--------+--------+--------+-----+--------+

Top non-repeatable levels by time:
     D:1: 1023 daAuts
     D:2: 813 daAuts
     D:3: 688 daAuts
     D:4: 23 daAuts
